 Dungeon Crawl Stone Soup version 0.30-a0-629-gd54f4be4f7 (webtiles) character file.

Game seed: 220334010860366643

93 pokeman the Magician (level 4, -7/25 HPs)
             Began as a Deep Elf Hedge Wizard on Jan 12, 2023.
             Was an Initiate of Vehumet.
             Mangled by an iguana (11 damage)
             ... on level 4 of the Dungeon.
             The game lasted 00:03:59 (2823 turns).

pokeman the Magician (Deep Elf Hedge Wizard)        Turns: 2823, Time: 00:03:59

Health: -7/25      AC:  2    Str:  7    XL:     4   Next: 36%
Magic:  5/13       EV: 12    Int: 21    God:    Vehumet [......]
Gold:   211        SH:  0    Dex: 14    Spells: 6/14 levels left

rFire   . . .      SeeInvis .    a - +0 dagger
rCold   . . .      Faith    .    (no shield)
rNeg    . . .      Spirit   .    b - +0 robe
rPois   +          Reflect  .    c - +0 hat
rElec   .          Harm     .    (no cloak)
rCorr   .          Rampage  .    (no gloves)
Will    +....                    (no boots)
Stlth   ++                       (no amulet)
HPRegen 0.24/turn                l - ring of willpower
MPRegen 0.13/turn                s - ring of poison resistance

@: very slightly contaminated
A: no striking features
a: Renounce Religion


You were on level 4 of the Dungeon.
You worshipped Vehumet.
Vehumet was noncommittal.
You visited 1 branch of the dungeon, and saw 4 of its levels.

You collected 211 gold pieces.

Inventory:

Hand Weapons
 a - a +0 dagger (weapon)
Armour
 b - a +0 robe (worn)
 c - a +0 hat (worn)
Jewellery
 l - a ring of willpower (left hand)
 s - a ring of poison resistance (right hand)
Scrolls
 f - 3 scrolls of identify {unknown}
 g - a scroll of fog {unknown}
 i - a scroll of noise {unknown}
 j - 2 scrolls of enchant weapon {unknown}
 k - 2 scrolls of amnesia {unknown}
 m - 2 scrolls of poison {unknown}
 o - 3 scrolls of magic mapping {unknown}
 r - a scroll of torment {unknown}
Potions
 d - a potion of magic
 e - a potion of invisibility {unknown}
 h - a potion of lignification {unknown}
 n - 3 potions of brilliance {unknown}
 p - a potion of attraction {unknown}
 q - 3 potions of heal wounds {unknown}
 t - 2 potions of flight {unknown}
 u - a potion of haste {unknown}


   Skills:
 - Level 1.0 Fighting
 - Level 1.0 Armour
 + Level 2.7 Dodging
 + Level 2.7 Stealth
 * Level 5.6 Spellcasting
 + Level 2.2 Conjurations
 - Level 1.1 Summonings
 - Level 1.1 Translocations


You had 6 spell levels left.
You knew the following spells:

 Your Spells              Type           Power      Damage    Failure   Level
a - Magic Dart            Conj           60%        1d6       4%          1
b - Mephitic Cloud        Conj/Pois/Air  9%         N/A       22%         3
c - Call Imp              Summ           10%        N/A       10%         2
d - Blink                 Tloc           20%        N/A       10%         2

Your spell library contained the following spells:

 Spells                   Type           Power      Damage    Failure   Level
 Slow                     Hex            20%        N/A       11%         1
 Cigotuvi's Dreadful Rot  Necr/Pois/Air  10%        N/A       16%         2
 Dazzling Flash           Conj/Hex       20%        N/A       19%         3
 Iskenderun's Mystic Bla  Conj/Tloc      13%        2d5       45%         4
 Starburst                Conj/Fire      5%         6d4       100%        6


Dungeon Overview and Level Annotations

Branches:
Dungeon (4/15)
 Temple: D:4-7

Altars:
Vehumet


Message History

Press: ? - help, Shift-Dir - straight line, f/p - iguana
Aim: an iguana (heavily wounded, 100% to hit)
The magic dart hits the iguana but does no damage.
The iguana is heavily wounded.
The iguana bites you!
Casting: Magic Dart (safe; 4% risk of failure)
Confirm with . or Enter, or press ? or * to list all spells.
Aiming: Magic Dart (safe; 4% risk of failure)
Press: ? - help, Shift-Dir - straight line, f/p - iguana
Aim: an iguana (heavily wounded, 100% to hit)
The magic dart hits the iguana but does no damage.
The iguana is heavily wounded.
The iguana bites you!
Ouch! That really hurt!
* * * LOW HITPOINT WARNING * * *
Casting: Magic Dart (safe; 4% risk of failure)
Confirm with . or Enter, or press ? or * to list all spells.
Aiming: Magic Dart (safe; 4% risk of failure)
Press: ? - help, Shift-Dir - straight line, f/p - iguana
Aim: an iguana (heavily wounded, 100% to hit)
The magic dart hits the iguana but does no damage.
The iguana is heavily wounded.
The iguana barely misses you.
Casting: Magic Dart (safe; 4% risk of failure)
Confirm with . or Enter, or press ? or * to list all spells.
Aiming: Magic Dart (safe; 4% risk of failure)
Press: ? - help, Shift-Dir - straight line, f/p - iguana
Aim: an iguana (heavily wounded, 100% to hit)
You miscast Magic Dart.
You are very lightly contaminated with residual magic.
Nothing appears to happen.
The iguana misses you.
Casting: Magic Dart (safe; 4% risk of failure)
Confirm with . or Enter, or press ? or * to list all spells.
Aiming: Magic Dart (safe; 4% risk of failure)
Press: ? - help, Shift-Dir - straight line, f/p - iguana
Aim: an iguana (heavily wounded, 100% to hit)
The magic dart hits the iguana but does no damage.
The iguana is heavily wounded.
The iguana bites you!
You die...

#... ##...
##....
.######....
..........#
..........#
#.......#
#...@)#
#..l..#
##....#
#....#
#....#
#.>.).
#.....
..#....


You could see an iguana.

Vanquished Creatures
  A statue (D:3)
  An adder (D:2)
  A worm (D:2)
  A dart slug (D:1)
  6 bats
  9 endoplasms
  2 giant cockroaches
  5 goblins
  6 hobgoblins
  4 kobolds
  2 quokkas (D:1)
  7 ball pythons
  3 frilled lizards
  4 rats
52 creatures vanquished.

Vanquished Creatures (others)
  A plant (D:1)
1 creature vanquished.

Grand Total: 53 creatures vanquished

Notes
Turn   | Place    | Note
-------+----------+-------------------------------------------
     0 | D:1      | pokeman the Deep Elf Hedge Wizard began the quest for the
                  | Orb.
     0 | D:1      | Reached XP level 1. HP: 10/10 MP: 7/7
   453 | D:1      | Reached XP level 2. HP: 16/16 MP: 3/9
   893 | D:1      | Reached skill level 5 in Spellcasting
  1157 | D:2      | Reached XP level 3. HP: 19/20 MP: 7/11
  1163 | D:1      | Learned a level 3 spell: Mephitic Cloud
  1166 | D:1      | Learned a level 2 spell: Call Imp
  1169 | D:1      | Learned a level 2 spell: Blink
  1371 | D:2      | Reached skill level 1 in Fighting
  1609 | D:2      | Reached skill level 1 in Armour
  2169 | D:3      | Found a radiant altar of Vehumet.
  2169 | D:3      | Noticed a frost-covered statue
  2278 | D:3      | Killed a frost-covered statue
  2279 | D:3      | Reached XP level 4. HP: 25/25 MP: 3/13
  2284 | D:3      | Became a worshipper of Vehumet
  2823 | D:4      | Mangled by an iguana

Illustrated notes

Levels and vault maps discovered:
D:1:      dpeg_arrival_more_subterranean_lakeside_camping, layout_loops_ring,
          serial_bayou_lagoon_b
D:2:      layout_rooms
D:3:      layout_loops_ring, vehumet_statue, minmay_misc_feat_nine_boxes,
          dk_vineyard_1
D:4:      layout_layer_cave, uniq_robin

Skill      XL: |  1  2  3 |
---------------+----------+-----
Spellcasting   | 5 |  5.6
Fighting       | 1 |  1.0
Armour         | 1 |  1.0
Conjurations   | 2 |  2.2
Dodging        | |  2.7
Stealth        | |  2.7
Summonings     | |  1.1
Translocations | |  1.1

Action                   |  1- 3 |  4- 6 || total
-------------------------+-------+-------++-------
Melee: Dagger            |    12 |     2 ||    14
 Cast: Magic Dart        |   141 |    11 ||   152
 Stab: Sleeping          |       |     2 ||     2
Armor: Robe              |     3 |       ||     3
Dodge: Dodged            |    27 |     6 ||    33

Table legend: (Time is in decaauts)
 A = Elapsed time spent in this place.
 B = Non-inter-level travel time spent in this place.
 C = Inter-level travel time spent in this place.
 D = Time resting spent in this place.
 E = Time spent auto-exploring this place.
 F = Levels seen in this place.
 G = Mean time per level.
                   A        B        C        D        E       F      G
               +--------+--------+--------+--------+--------+-----+--------+
         Total |   2842 |   2776 |     66 |     87 |   2392 |   4 |  710.5 |
       Dungeon |   2842 |   2776 |     66 |     87 |   2392 |   4 |  710.5 |
               +--------+--------+--------+--------+--------+-----+--------+

Top non-repeatable levels by time:
     D:1: 1204 daAuts
     D:3: 921 daAuts
     D:2: 706 daAuts
     D:4: 10 daAuts
